 Dungeon Crawl Stone Soup version 0.29.1-2-gbd0b4ee654 (webtiles) character file.

Game seed: 2877911869479197339

520 leafyfresh the Ducker (level 7, -1/45 HPs)
             Began as a Djinni Ice Elementalist on Nov 12, 2022.
             Killed by divine providence
             ... invoked by an orc priest
              (16 damage)
             ... on level 4 of the Dungeon.
             The game lasted 00:09:58 (6793 turns).

leafyfresh the Ducker (Djinni Ice Elementalist)     Turns: 6793, Time: 00:09:58

Health: -1/45      AC:  5    Str:  7    XL:     7   Next: 45%
Gold:   131        EV: 14    Int: 23    God:
                   SH:  0    Dex: 13

rFire   + . .      SeeInvis .   (no weapon)
rCold   x . .      Faith    .   (no shield)
rNeg    . . .      Spirit   .   m - +1 robe of Moral Flaws {Harm rF- Int+4}
rPois   ∞          Reflect  .   (no helmet)
rElec   .          Harm     +   a - +0 cloak
rCorr   .          Rampage  .   g - +0 pair of gloves
Will    .....                   (boots unavailable)
Stlth   ++........              (no amulet)
HPRegen 0.15/turn               (no ring)
MPRegen 0.00/turn               (no ring)

@: flying
A: sickness immunity, fire resistance 2, cold vulnerability 1, float, innate
caster, HP casting, extra vitality 1
a: no special abilities


You were on level 4 of the Dungeon.
You visited 1 branch of the dungeon, and saw 4 of its levels.

You collected 131 gold pieces.

Inventory:

Hand Weapons
 s - a +2 long sword of holy wrath
Missiles
 i - 12 poisoned darts (quivered)
Armour
 a - a +0 cloak (worn)
 g - a +0 pair of gloves (worn)
 m - the +1 robe of Moral Flaws (worn) {Harm rF- Int+4}
   (You found it on level 2 of the Dungeon)

   Int:       It affects your intelligence (+4).
   rF:        It makes you vulnerable to fire.
   Harm:      It increases damage dealt and taken.
Scrolls
 e - 2 scrolls of blinking
 h - a scroll of amnesia {unknown}
 j - a scroll of poison
 k - 3 scrolls of teleportation
 o - 3 scrolls of enchant weapon
 p - a scroll of fear {unknown}
 q - 3 scrolls of fog {unknown}
Potions
 b - 5 potions of curing
 c - 2 potions of flight {unknown}
 d - a potion of haste
 f - 2 potions of berserk rage {unknown}
 l - 2 potions of ambrosia {unknown}
 n - a potion of brilliance {unknown}
 r - 2 potions of attraction {unknown}


   Skills:
 + Level 6.1 Dodging
 - Level 1.5 Stealth
 + Level 5.2 Spellcasting


You couldn't memorise any spells.
You knew the following spells:

 Your Spells              Type           Power      Damage    Failure   Level
a - Freeze                Ice            100%       1d11      1%          1
b - Frozen Ramparts       Ice            58%        1d9       3%          3
c - Ozocubu's Armour      Ice            29%        N/A       3%          3
d - Hailstorm             Conj/Ice       29%        3d8       11%         4
e - Sting                 Tmut/Pois      100%       1d8       1%          1
f - Poisonous Vapours     Pois/Air       58%        N/A       1%          2
g - Ensorcelled Hibernat  Hex/Ice        58%        N/A       1%          2
Your spell library was empty.

Dungeon Overview and Level Annotations

Branches:
Dungeon (4/15)
 Temple: D:4-7

Altars:
Qazlal

Annotations:
D:4 1 runed translucent door, Menkaure


Innate Abilities, Weirdness & Mutations

You are immune to sickness and miasma.
You are immune to poison.
Your flesh is very heat resistant. (rF++)
You are vulnerable to cold. (rC-)
You float through the air rather than walking.
You learn spells naturally, not from books.
Your magical power is your life essence.
You have superior vitality. (+4 MHP)


Message History

The orc wizard barely misses you.
Casting: Freeze (safe; 1% risk of failure)
Confirm with . or Enter, or press ? or * to list all spells.
Aiming: Freeze (safe; 1% risk of failure)
Press: ? - help, Shift-Dir - straight line, f/p - orc wizard
Aim: an orc wizard, wielding a +0 dagger and wearing a +0 robe (heavily wounded)
You freeze the orc wizard.
The orc wizard is severely wounded.
The orc wizard closely misses you.
Casting: Freeze (safe; 1% risk of failure)
Confirm with . or Enter, or press ? or * to list all spells.
Aiming: Freeze (safe; 1% risk of failure)
Press: ? - help, Shift-Dir - straight line, f/p - orc wizard
Aim: an orc wizard, wielding a +0 dagger and wearing a +0 robe (severely wounded)
You freeze the orc wizard.
You kill the orc wizard!
Casting: Freeze (safe; 1% risk of failure)
Confirm with . or Enter, or press ? or * to list all spells.
You don't know that spell.
You start resting.
An orc priest comes into view. It is wielding a +0 club.
An orc priest is nearby!
An orc priest is nearby!
The orc shouts!
The orc priest shouts!
There are monsters nearby!
A goblin comes into view. It is wielding a +0 dagger.
The goblin shouts!
The orc priest invokes the aid of Beogh against you.
Beogh smites you!
An orc comes into view. It is wielding a +0 hand axe.
The orc shouts!
Unknown command.
Unknown command.
The orc priest invokes the aid of Beogh against you.
Pain shoots through your body!
Things that are here:
a +0 dagger; a +0 robe; a scroll of enchant weapon The orc priest invokes the aid of Beogh against you.
Beogh smites you!
You die...

# ...#########
...........####
..#....##.@..#
#...######)############
#.o..#. ##.....##.....##
..## #.
##....o.........## # #.#
#....†.o......<..# #.#
#......o.....[...#
#.####.................
##.............o........
#
##.................).....


You could see an orc priest and 2 orcs.

Vanquished Creatures
  A necrophage (D:3)
  2 scorpions
  2 orc priests (D:3)
  A gnoll bouda (D:3)
  2 orc wizards
  4 gnolls (D:3)
  7 adders
  4 worms
  3 dart slugs
  10 orcs
  4 endoplasms
  3 giant cockroaches
  7 goblins
  5 hobgoblins
  3 quokkas (D:1)
  8 ball pythons
  3 bats
  6 frilled lizards
  8 kobolds
  7 rats
90 creatures vanquished.

Vanquished Creatures (others)
  2 fungi (D:3)
  7 plants
9 creatures vanquished.

Grand Total: 99 creatures vanquished

Notes
Turn   | Place    | Note
-------+----------+-------------------------------------------
     0 | D:1      | leafyfresh the Djinni Ice Elementalist began the quest for
                  | the Orb.
     0 | D:1      | leafyfresh set off with the following spells memorised:
                  | Freeze, Frozen Ramparts, Ozocubu's Armour, Hailstorm.
     0 | D:1      | Reached XP level 1. HP: 15/15 MP: 0/0
   514 | D:1      | Reached XP level 2. HP: 20/21 MP: 0/0
  1163 | D:1      | Reached XP level 3. HP: 25/25 MP: 0/0
  1163 | D:1      | Learned a level 1 spell: Sting
  1165 | D:1      | Reached skill level 3 in Dodging
  1933 | D:2      | Identified the +1 robe of Moral Flaws {Harm rF- Int+4}
  2273 | D:2      | Reached XP level 4. HP: 22/31 MP: 0/0
  3659 | D:3      | Reached skill level 4 in Dodging
  3659 | D:3      | Reached XP level 5. HP: 29/35 MP: 0/0
  3659 | D:3      | Learned a level 2 spell: Poisonous Vapours
  4480 | D:3      | Reached XP level 6. HP: 17/40 MP: 0/0
  4922 | D:3      | Reached skill level 5 in Dodging
  5149 | D:3      | Found a faded altar of an unknown god.
  5352 | D:3      | Found a stormy altar of Qazlal.
  5920 | D:4      | Noticed Menkaure
  5931 | D:3      | Reached skill level 5 in Spellcasting
  5931 | D:3      | Reached XP level 7. HP: 20/45 MP: 0/0
  5931 | D:3      | Learned a level 2 spell: Ensorcelled Hibernation
  6497 | D:4      | Found a runed translucent door.
  6503 | D:4      | Reached skill level 6 in Dodging
  6793 | D:4      | Killed from afar by an orc priest

Illustrated notes

Levels and vault maps discovered:
D:1:      amcnicky_arrival_underground_garden, layout_basic, serial_forest,
          infiniplex_forest_diagonal, infiniplex_forest_clump_curved,
          infiniplex_forest_straight_4, infiniplex_forest_clump_small,
          infiniplex_forest_clump_small, infiniplex_forest_zigzag_2,
          st_stairs_10, grunt_decor_mini_mirrors, serial_bayou_lake_a
D:2:      layout_basic, basic_altar
D:3:      layout_basic, mainiacjoe_overflow_tiny_flanked,
          shapermc_ecumenical_altar_acropolis, grunt_ministairs_14,
          minmay_misc_feat_x
D:4:      layout_rooms, minmay_temple_entry_from_below_b,
          ebering_ghost_reflecting_pool, uniq_menkaure

Skill      XL: |  1  2  3  4  5  6  7 |
---------------+----------------------+-----
Dodging        | 3 4 5 6 |  6.1
Spellcasting   | 4 5 |  5.2
Stealth        | |  1.5

Action                   |  1- 3 |  4- 6 |  7- 9 || total
-------------------------+-------+-------+-------++-------
Melee: Unarmed           |    84 |    45 |    13 ||   142
       Punch             |       |       |     1 ||     1
Throw: Dart              |     6 |     1 |       ||     7
 Cast: Freeze            |    49 |    57 |    19 ||   125
       Ozocubu's Armour  |     1 |    14 |     3 ||    18
       Frozen Ramparts   |       |    11 |     1 ||    12
  Use: Scroll            |       |     5 |       ||     5
 Stab: Sleeping          |     4 |     4 |       ||     8
Armor: Robe              |    27 |    32 |    11 ||    70
Dodge: Dodged            |    64 |    61 |    23 ||   148
